Map: Ascension to Aiur LE

Players

Zerghamdi

  • Race: Zerg Zerg
  • League: Grandmaster
  • Spawn Location: 5:00

Minatoeh (Minato) - Winner!

  • Race: Zerg Zerg
  • League: Master
  • Spawn Location: 11:00

Event: WESG Barcelona European Finals 2017

VOD

Have the link to the VOD?

Description

Time

  • Played on: Nov. 23, 2017, 6:35 a.m.
  • Length: 3:39

All games in this series

Show
View Real Time Build Order
Export as new Build Order

Zerghamdi Zerg 

Build Orders: Pool First 

Get SALT Encoding   

  12  0:00  Drone  
  13  0:13  Overlord  
  13  0:16  Drone  
  14  0:31  Drone x2  
  14  0:35  Drone  
  17  0:46  Spawning Pool  
  17  0:48  Drone  
  17  1:08  Hatchery  
  17  1:11  Drone  
  17  1:25  Extractor  
  16  1:33  Zergling x6, Queen  
  21  1:46  Overlord  
  21  1:59  Drone  
  22  2:08  Drone  
  22  2:09  Queen  
  25  2:18  Drone  
  26  2:27  Queen  
  28  2:33  Drone x2  
  28  2:36  Drone  
  31  2:42  Drone x2  
  32  2:52  Drone x2  
  32  2:53  Drone  
  32  2:54  Drone  
  36  3:01  Drone  
  35  3:08  Drone  
  36  3:13  Overlord x2  
  36  3:20  Evolution Chamber  
Show
View Real Time Build Order
Export as new Build Order

Minatoeh Zerg - Winner!

Build Orders: Hatch First 

Get SALT Encoding   

  12  0:00  Drone  
  13  0:12  Overlord  
  13  0:17  Drone  
  14  0:30  Drone  
  14  0:31  Drone  
  14  0:35  Drone  
  17  0:52  Hatchery  
  17  0:55  Drone  
  17  0:57  Extractor  
  16  1:10  Spawning Pool  
  15  1:13  Drone  
  15  1:17  Drone  
  17  1:28  Drone  
  17  1:30  Overlord  
  18  1:57  Zergling x2  
  18  1:59  Metabolic Boost  
  19  2:02  Queen  
  19  2:04  Zergling x2, Queen  
  19  2:07  Zergling x2  
  25  2:11  Zergling x2  
  26  2:32  Zergling x2  
  26  2:34  Hatchery  
  26  2:35  Zergling x2  
  27  2:37  Zergling x2  
  27  2:42  Zergling x2  
  29  2:52  Zergling x6  
  29  2:53  Zergling x2  
  33  3:00  Overlord  
  33  3:06  Zergling x2  
  33  3:11  Zergling x4  
  36  3:14  Overlord  
  36  3:20  Zergling x2  
  36  3:21  Zergling x2  
Tags
 
Add a new tag
Caveats
  • Supply blocks, unpowered buildings, or Contaminate may cause inaccurate times.
  • Supply counts are checked every 10 seconds.